Map: King Sejong Station LE

Players

DayWay

  • Race: Zerg Zerg
  • League: Master

A.I. 10 (Very Easy) - Winner!

  • Race: Terran Terran

VOD

Have the link to the VOD?

Description

Time

  • Played on: June 26, 2016, 1:28 p.m.
  • Length: 7:43
Show
View Real Time Build Order
Export as new Build Order

DayWay Zerg 

Build Orders: Hatch First 

Get SALT Encoding   

  12  0:00  Drone  
  13  0:08  Drone  
  14  0:17  Overlord  
  14  0:24  Extractor  
  14  0:25  Drone  
  15  0:35  Drone x2  
  17  0:52  Hatchery  
  17  0:55  Drone  
  17  0:57  Extractor  
  17  1:00  Drone  
  17  1:05  Drone  
  18  1:17  Spawning Pool  
  17  1:20  Drone  
  18  1:26  Drone  
  19  1:38  Overlord  
  19  2:04  Zergling x4  
  19  2:05  Zergling x2  
  19  2:06  Queen x2  
  26  2:09  Metabolic Boost, Drone  
  28  2:15  Drone  
  28  2:23  Drone  
  28  2:28  Drone  
  30  2:31  Drone  
  31  2:37  Drone  
  31  2:41  Drone  
  33  2:47  Overlord  
  33  2:55  Drone, Hatchery  
  34  2:58  Drone  
  34  3:03  Drone  
  35  3:09  Queen  
  35  3:10  Drone  
  38  3:16  Drone x3  
  38  3:19  Drone  
  42  3:21  Drone  
  42  3:23  Drone  
  44  3:34  Drone, Evolution Chamber  
  44  3:35  Drone, Evolution Chamber  
  44  3:44  Overlord  
  44  3:55  Extractor  
  43  3:57  Extractor  
  43  3:58  Drone x2  
  43  4:01  Roach Warren, Drone  
  43  4:02  Drone x5  
  49  4:05  Zerg Melee Weapons Level 1  
  49  4:08  Zerg Ground Armor Level 1  
  49  4:11  Drone x2  
  49  4:16  Drone  
  52  4:19  Lair  
  52  4:20  Drone  
  53  4:26  Drone x3  
  56  4:34  Overlord  
  56  4:37  Drone x2  
  58  4:38  Overlord  
  58  4:51  Overlord  
  58  4:53  Drone x5  
  58  4:54  Drone x3  
  58  4:55  Overlord  
  66  5:01  Drone  
  66  5:02  Drone x4  
  66  5:05  Drone x3  
  74  5:09  Overlord  
  74  5:11  Overlord  
  74  5:18  Spire  
  73  5:24  Glial Reconstitution  
  73  5:25  Drone x2  
  73  5:26  Drone  
  76  5:28  Extractor  
  76  5:29  Extractor  
  74  5:41  Hatchery  
  73  5:45  Overlord  
  73  5:53  Overlord  
  73  6:10  Overlord x2  
  73  6:14  Extractor, Drone  
  73  6:15  Drone x3  
  73  6:16  Overlord x2  
  73  6:17  Drone x2  
  78  6:30  Mutalisk x4  
  78  6:31  Mutalisk  
  78  6:32  Mutalisk  
  88  6:34  Overlord x2  
  88  6:37  Overlord  
  90  6:41  Roach x5  
  90  6:42  Zergling x2  
  90  6:43  Zergling x8  
  105  6:53  Queen  
  107  6:54  Mutalisk x2  
  107  6:56  Zergling x6  
  107  6:57  Zergling x2  
  115  7:03  Overlord  
  115  7:05  Mutalisk  
  115  7:06  Mutalisk  
  120  7:08  Zergling x4  
  120  7:09  Zergling x12  
  131  7:23  Overlord  
  131  7:25  Drone  
  131  7:36  Extractor  
  136  7:37  Extractor  
Show
View Real Time Build Order
Export as new Build Order

A.I. 10 (Very Easy) Terran - Winner!

Build Orders: Reaper Expand 

Get SALT Encoding   

  12  0:00  SCV  
  13  0:13  SCV  
  14  0:18  Supply Depot  
  14  0:43  Barracks  
  14  1:04  Command Center  
  14  1:31  Supply Depot, Orbital Command  
  14  1:32  Marine  
  15  1:37  Refinery  
  15  1:49  Refinery  
  15  1:56  SCV  
  16  2:08  SCV  
  17  2:17  Reaper  
  17  2:21  SCV  
  17  2:22  SCV  
  20  2:33  SCV  
  20  2:37  SCV  
  22  2:45  SCV  
  22  2:51  SCV  
  24  2:58  SCV  
  25  3:04  Refinery  
  25  3:05  SCV  
  26  3:08  Marine  
  26  3:12  SCV  
  28  3:19  SCV  
  29  3:20  Factory  
  29  3:45  SCV  
  29  3:46  Refinery  
  30  3:53  SCV  
  31  3:57  Supply Depot  
  31  4:00  Barracks Tech Lab, SCV  
  31  4:06  Starport  
  31  4:07  SCV  
  32  4:14  SCV  
  33  4:18  Marauder  
  33  4:22  SCV  
  36  4:29  SCV  
  37  4:36  SCV  
  38  4:38  Supply Depot  
  38  4:43  Starport Tech Lab, SCV  
  39  4:50  SCV  
  40  4:58  SCV  
  41  5:01  Raven  
  41  5:05  SCV  
  44  5:09  Marine  
  44  5:12  SCV  
  46  5:19  SCV  
  46  5:26  SCV  
  47  5:33  SCV  
  48  5:44  Raven  
  50  6:01  Marauder  
  51  6:25  SCV  
  52  6:52  Marine  
  53  7:00  SCV  
  53  7:21  Hellion  
  52  7:24  Supply Depot, SCV  
Tags
 
Add a new tag
Caveats
  • Supply blocks, unpowered buildings, or Contaminate may cause inaccurate times.
  • Supply counts are checked every 10 seconds.